 Dungeon Crawl Stone Soup version 0.28-a0-445-g51f8dfeb47 (webtiles) character file.

Game seed: 12113226579900225684

133 GenialerGandalf the Chopper (level 5, 0/46 HPs)
             Began as a Hill Orc Fighter on Sept 13, 2021.
             Slain by a troll (2 damage)
             ... on level 7 of the Dungeon.
             The game lasted 00:02:55 (1361 turns).

GenialerGandalf the Chopper (Hill Orc Fighter)      Turns: 1361, Time: 00:02:56

Health: 0/46       AC: 12    Str: 20    XL:     5   Next: 16%
Magic:  5/5        EV:  9    Int:  8    God:
Gold:   49         SH:  4    Dex: 10    Spells: 4/4 levels left

rFire   . . .      SeeInvis .   a - +0 war axe
rCold   . . .      Faith    .   c - +0 buckler
rNeg    . . .      Spirit   .   b - +0 scale mail
rPois   .          Reflect  .   l - +0 helmet
rElec   .          Harm     .   (no cloak)
rCorr   .          Rampage  .   (no gloves)
Will    .....                   (no boots)
Stlth   ..........              (no amulet)
HPRegen 0.15/turn               m - +4 ring of protection
MPRegen 0.09/turn               (no ring)

@: no status effects
A: no striking features
a: no special abilities


You were on level 7 of the Dungeon.
You visited 1 branch of the dungeon, and saw 6 of its levels.

You collected 49 gold pieces.

Inventory:

Hand Weapons
 a - a +0 war axe (weapon)
Armour
 b - a +0 scale mail (worn)
 c - a +0 buckler (worn)
 l - a +0 helmet (worn)
Jewellery
 i - a ring of see invisible
 m - a +4 ring of protection (left hand)
Wands
 j - a wand of iceblast (9)
Scrolls
 e - a scroll of enchant armour {unknown}
 g - a scroll of vulnerability {unknown}
 k - a scroll of identify {unknown}
Potions
 d - a potion of might
 f - a potion of lignification {unknown}
 h - a potion of degeneration {unknown}


   Skills:
 + Level 4.2 Fighting
 + Level 4.9 Axes
 + Level 4.1 Armour
 + Level 0.8 Dodging
 + Level 3.7 Shields


You had 4 spell levels left.
You didn't know any spells.
Your spell library was empty.

Dungeon Overview and Level Annotations

Branches:
Dungeon (8/15)
 Temple: D:4-7         Lair: D:8-11

Altars:


Message History

You barely miss the bullfrog zombie. You block the killer bee's attack.
The bullfrog zombie hits you but does no damage.
The killer bee stings you but does no damage.
A troll comes into view.
You miss the killer bee.
The killer bee is almost dead.
You completely miss the bullfrog zombie.
The troll shouts!
The killer bee stings you but does no damage.
The bullfrog zombie hits you but does no damage.
You block the killer bee's attack.
The bullfrog zombie completely misses you.
The killer bee closely misses you.
The killer bee stings you but does no damage.
The bullfrog zombie hits you. The killer bee stings you.
The killer bee stings you but does no damage.
You see here 3 scrolls labelled ZUNOESTOHO.
The killer bee closely misses you.
You slash the killer bee!
You kill the killer bee!
The bullfrog zombie barely misses you.
You have reached level 5!
You feel stronger.
You hit the bullfrog zombie.
The bullfrog zombie is heavily damaged.
You block the bullfrog zombie's attack.
You hit the troll but do no damage. You completely miss the troll.
You hit the bullfrog zombie.
The bullfrog zombie hits you but does no damage.
The troll bites you! The troll claws you! x2
* * * LOW HITPOINT WARNING * * *
The bullfrog zombie hits you but does no damage.
You barely miss the troll.
You hit the bullfrog zombie but do no damage.
The bullfrog zombie hits you but does no damage.
The troll bites you.
* * * LOW HITPOINT WARNING * * *
The troll claws you.
You die...

#.. ####.##
##...#####./...#
...............#
............†..#
.........T..>..#
##...#####.....#
#.. ###..###.#
#. ###TZ....##
#. #..@....... #
#.##.##..## #.
.# ..# # .. ...
### ##


You could see a troll and a bullfrog zombie.

Vanquished Creatures
  A killer bee (D:7)
  A howler monkey (D:7)
  A hound skeleton (D:4)
  An ufetubus (D:7)
  A worm (D:3)
  2 orcs
  2 bats (D:3)
  3 endoplasms (D:3)
  2 giant cockroaches
  3 goblins (D:3)
  A quokka (D:3)
  5 ball pythons
  2 frilled lizards
  A kobold (D:3)
  2 rats
28 creatures vanquished.

Notes
Turn   | Place    | Note
-------+----------+-------------------------------------------
     0 | D:1      | GenialerGandalf the Hill Orc Fighter began the quest for
                  | the Orb.
     0 | D:1      | Reached XP level 1. HP: 19/19 MP: 1/1
   204 | D:3      | Reached XP level 2. HP: 14/27 MP: 2/2
   589 | D:3      | Reached XP level 3. HP: 26/33 MP: 3/3
  1323 | D:4      | You fall into a shaft and drop 3 floors!
  1337 | D:8      | Noticed a killer bee
  1338 | D:8      | Noticed a killer bee
  1340 | D:8      | Noticed a killer bee
  1349 | D:7      | Reached XP level 4. HP: 34/40 MP: 4/4
  1351 | D:7      | Noticed a troll
  1358 | D:7      | Reached XP level 5. HP: 31/46 MP: 5/5
  1361 | D:7      | HP: 2/46 [troll (4)]
  1361 | D:7      | Slain by a troll

Illustrated notes

Levels and vault maps discovered:
D:1:      minmay_arrival_jagged, layout_basic,
          ebering_ecumenical_altar_petrified, serial_shops, shop
D:2:      layout_loops_ring, basic_altar, grunt_decor_cap
D:3:      layout_loops_corners
D:4:      due_chaos_kobolds, layout_cave_pools, makhleb_blood_cavern_becter,
          mainiacjoe_overflow_boulevard, minmay_temple_entry_glassed_door,
          portal_sewer_entry_d, nrook_mini_vaults, minmay_door_square,
          minmay_shop_mayhem, serial_park_tiny_pond
D:7:      minmay_chambers_of_sixes, layout_loops_cross,
          nicolae_hepliaklqana_monster_ancestors, uniq_joseph
D:8:      layout_loops_cross, nicolae_gozag_cash_rules_everything_around_me,
          lair_entry_dummy, minivault_26, nicolae_take_the_stairs, minivault_12

Skill      XL: |  1  2  3 |
---------------+----------+-----
Axes           | 3 4 |  4.9
Fighting       | 4 |  4.2
Armour         | 4 |  4.1
Dodging        | |  0.8
Shields        | |  3.7

Action                   |  1- 3 |  4- 6 || total
-------------------------+-------+-------++-------
Melee: War axe           |    60 |     9 ||    69
Armor: Scale mail        |    83 |    10 ||    93
Dodge: Dodged            |    62 |     9 ||    71
Block: Buckler           |    37 |     4 ||    41

Table legend: (Time is in decaauts)
 A = Elapsed time spent in this place.
 B = Non-inter-level travel time spent in this place.
 C = Inter-level travel time spent in this place.
 D = Time resting spent in this place.
 E = Time spent auto-exploring this place.
 F = Levels seen in this place.
 G = Mean time per level.
                   A        B        C        D        E       F      G
               +--------+--------+--------+--------+--------+-----+--------+
         Total |   1383 |   1366 |     17 |    281 |    545 |   6 |  230.5 |
       Dungeon |   1383 |   1366 |     17 |    281 |    545 |   6 |  230.5 |
               +--------+--------+--------+--------+--------+-----+--------+

Top non-repeatable levels by time:
     D:3: 1171 daAuts
     D:2: 63 daAuts
     D:1: 63 daAuts
     D:4: 43 daAuts
     D:7: 31 daAuts
     D:8: 9 daAuts
